 Dungeon Crawl Stone Soup version 0.32-a0-818-gb728d0252e (webtiles) character file.

Game seed: 2249518178105843666

5 hikkokomori the Apothecary (level 1, -1/13 HPs)
             Began as a Coglin Alchemist on Mar 24, 2024.
             Frozen to death by an endoplasm (5 damage)
             ... on level 1 of the Dungeon.
             The game lasted 00:00:38 (202 turns).

hikkokomori the Apothecary (Coglin Alchemist)        Turns: 202, Time: 00:00:38

Health: -1/13      AC:  2    Str:  8    XL:     1   Next: 80%
Magic:  0/3        EV: 11    Int: 14    God:
Gold:   0          SH:  0    Dex: 14    Spells: 2/3 levels left

rFire   . . .        (no weapon)
rCold   . . .        (no shield)
rNeg    . . .        a - +0 robe
rPois   .            (no helmet)
rElec   .            (no cloak)
rCorr   .            (no gloves)
SInv    .            (no boots)
Will    .....        (amulet unavailable)
Stlth   ++           (ring unavailable)
HPRegen 0.22/turn    (ring unavailable)
MPRegen 0.08/turn    (no gizmo)

%: no passive effects
@: revved
A: off-hand wielding, slow wielding, warmup strikes, no jewellery
a: Invent Gizmo


You were on level 1 of the Dungeon.
You visited 1 branch of the dungeon, and saw 1 of its levels.

Inventory:

Hand Weapons
 c - a +0 dagger
 d - a +0 dagger
Armour
 a - a +0 robe (worn)
Potions
 b - a potion of magic


   Skills:
 - Level 1.7 Dodging
 + Level 1.7 Stealth
 + Level 1.9 Spellcasting
 + Level 1.1 Conjurations
 + Level 3.4 Alchemy


You had 2 spell levels left.
You knew the following spells:

 Your Spells              Type           Power      Damage    Failure   Level
a - Sting                 Conj/Alch      28%        1d4       10%         1

Your spell library contained the following spells:

 Spells                   Type           Power      Damage    Failure   Level
 Mercury Vapours          Alch/Air       12%        N/A       19%         2
 Mephitic Cloud           Conj/Alch/Air  5%         N/A       36%         3
 Olgreb's Toxic Radiance  Alch           10%        N/A       52%         4
 Sticky Flame             Fire/Alch      6%         2d4       75%         4


Dungeon Overview and Level Annotations

Branches:
Dungeon (1/15)

Altars:


Innate Abilities, Weirdness & Mutations

You can wield a second weapon in your off-hand.
It takes a long time for you to wield or remove held weapons.
Your first few attacks do less damage.
You cannot equip rings or amulets.


Message History

You kill the kobold!
Things that are here:
a +0 dagger; a +0 dagger; 4 stones The endoplasm misses you.
You completely miss the endoplasm. The endoplasm freezes you.
You are frozen.
Your magical contamination has completely faded away.
You are too injured to fight recklessly!
You are too injured to fight recklessly!
The endoplasm attacks as it pursues you!
The endoplasm completely misses you.
Things that are here:
a +0 dagger; a +0 dagger; 4 stones
c - a +0 dagger;
d - a +0 dagger
Casting: Sting (safe; 10% risk of failure)
Confirm with . or Enter, or press ? or * to list all spells.
Aiming: Sting (safe; 10% risk of failure)
Press: ? - help, Shift-Dir - straight line, f - endoplasm
Aim: an endoplasm (97% to hit)
The sting hits the endoplasm.
The endoplasm partially resists.
The endoplasm is lightly wounded.
The endoplasm barely misses you.
You hit the endoplasm.
The endoplasm is heavily wounded.
The endoplasm freezes you.
You are frozen.
You hit the endoplasm but do no damage.
The endoplasm is heavily wounded.
The endoplasm freezes you.
You are frozen.
You hit the endoplasm but do no damage.
The endoplasm is heavily wounded.
The endoplasm freezes you.
You are frozen.
You hit the endoplasm.
The endoplasm is almost dead.
The endoplasm freezes you.
You are frozen.
You die...

#.##.....##.##.##
##.......##.##.#
##.......##.##.#
##........#..##.#
##.........#.##..#
##......##....#
.##
##.....###...### .
##....####..#.# #.
##...###.... #@#
##..###
...####J#### #<###
.#.#...(...# ###
#.........#
###.........#
#.......###
#.......#
##...#.## ....#.#


You could see an endoplasm.

Vanquished Creatures
  A bat (D:1)
  2 kobolds (D:1)
  2 ball pythons (D:1)
5 creatures vanquished.

Notes
Turn   | Place    | Note
-------+----------+-------------------------------------------
     0 | D:1      | hikkokomori the Coglin Alchemist began the quest for the
                  | Orb.
     0 | D:1      | Reached XP level 1. HP: 13/13 MP: 3/3
   126 | D:1      | Reached skill level 1 in Conjurations
   202 | D:1      | Frozen to death by an endoplasm

Illustrated notes

Levels and vault maps discovered:
D:1:      minmay_arrival_pointy, layout_rooms,
          ebering_ecumenical_altar_abandoned, hangedman_decor_peaks_small,
          corner_web_ring, grunt_decor_arrowhead

Skill      XL: |  1 |
---------------+----+-----
Conjurations   | 1 |  1.1
Dodging        | |  1.7
Stealth        | |  1.7
Spellcasting   | |  1.9
Alchemy        | |  3.4

Action                     || total
---------------------------++-------
  Melee: Unarmed           ||    15
   Cast: Sting             ||     9
 Armour: Robe              ||    12
  Dodge: Dodged            ||    15

Table legend: (Time is in decaauts)
 A = Elapsed time spent in this place.
 B = Non-inter-level travel time spent in this place.
 C = Inter-level travel time spent in this place.
 D = Time resting spent in this place.
 E = Time spent auto-exploring this place.
 F = Levels seen in this place.
 G = Mean time per level.
                   A        B        C        D        E       F      G
               +--------+--------+--------+--------+--------+-----+--------+
         Total |    202 |    202 |      0 |      2 |    149 |   1 |  202.0 |
       Dungeon |    202 |    202 |      0 |      2 |    149 |   1 |  202.0 |
               +--------+--------+--------+--------+--------+-----+--------+

Top non-repeatable levels by time:
     D:1: 202 daAuts
